[Event "5th CNE NED-ch Rapid 2019"]
[Site "Amstelveen"]
[Date "2019.12.01"]
[Round "7.2"]
[White "Smeets, Jan"]
[Black "Timman, Jan H"]
[Result "1/2-1/2"]
[ECO "C71"]
[WhiteElo "2596"]
[BlackElo "2528"]
[Annotator "ChessBase"]
[PlyCount "21"]
[EventDate "2019.11.30"]
[EventType "tourn"]
[EventCountry "NED"]
[SourceTitle "playchess.com"]
[Source "ChessBase"]
[SourceQuality "1"]
[TimeControl "900+10"]

1. e4 e5 2. Nf3 Nc6 3. Bb5 a6 4. Ba4 d6 5. c4 Nf6 6. Nc3 Be7 7. d4 exd4 8. Nxd4 Bd7 9. Nxc6 bxc6 10. Bf4 O-O 11. O-O 1/2-1/2

[Event "5th CNE NED-ch Rapid 2019"]
[Site "Amstelveen"]
[Date "2019.12.01"]
[Round "7.3"]
[White "Pruijssers, Roeland"]
[Black "Ernst, Sipke"]
[Result "1/2-1/2"]
[ECO "C90"]
[WhiteElo "2557"]
[BlackElo "2553"]
[Annotator "ChessBase"]
[PlyCount "31"]
[EventDate "2019.11.30"]
[EventType "tourn"]
[EventCountry "NED"]
[SourceTitle "playchess.com"]
[Source "ChessBase"]
[SourceQuality "1"]
[TimeControl "900+10"]

1. e4 e5 2. Nf3 Nc6 3. Bb5 a6 4. Ba4 Nf6 5. d3 b5 6. Bb3 Be7 7. O-O O-O 8. c3 d6 9. h3 Na5 10. Bc2 c5 11. Re1 Re8 12. Nbd2 Bf8 13. Nf1 g6 14. Ng3 Nc6 15. Bg5 h6 16. Bd2 1/2-1/2

[Event "5th CNE NED-ch Rapid 2019"]
[Site "Amstelveen"]
[Date "2019.12.01"]
[Round "7.4"]
[White "Van Foreest, Jorden"]
[Black "Van Wely, Loek"]
[Result "1/2-1/2"]
[ECO "B44"]
[WhiteElo "2632"]
[BlackElo "2610"]
[Annotator "ChessBase"]
[PlyCount "45"]
[EventDate "2019.11.30"]
[EventType "tourn"]
[EventCountry "NED"]
[SourceTitle "playchess.com"]
[Source "ChessBase"]
[SourceQuality "1"]
[TimeControl "900+10"]

1. e4 c5 2. Nf3 e6 3. g3 Nc6 4. d4 cxd4 5. Nxd4 Bc5 6. Nb3 Be7 7. Bg2 Nf6 8. O-O O-O 9. Nc3 d6 10. Be3 Nd7 11. Qe2 a6 12. Rad1 Qc7 13. a4 b6 14. f4 Re8 15. g4 Bb7 16. g5 Bf8 17. Rf3 g6 18. Rh3 Rac8 19. Qf2 Bg7 20. Qh4 Nf8 21. Qf2 Nd7 22. Qh4 Nf8 23. Qf2 1/2-1/2